 Dungeon Crawl Stone Soup version 0.29.1-4-g47bece8355 (webtiles) character file.

Game seed: 223252434660990020

1521 safid the Skirmisher (level 8, -1/74 HPs)
             Began as a Minotaur Hunter on Dec 6, 2022.
             Slain by a steam dragon (7 damage)
             ... on level 6 of the Dungeon.
             The game lasted 00:06:35 (5042 turns).

safid the Skirmisher (Minotaur Hunter)              Turns: 5042, Time: 00:06:35

Health: -1/74      AC: 13    Str: 15    XL:     8   Next: 54%
Magic:  7/7        EV: 12    Int:  6    God:
Gold:   240        SH:  0    Dex: 17    Spells: 7/7 levels left

rFire   x x .      SeeInvis .   a - +0 shortbow
rCold   x x .      Faith    .   (shield currently unavailable)
rNeg    . . .      Spirit   .   c - +0 leather armour
rPois   +          Reflect  .   (helmet restricted)
rElec   .          Harm     .   v - +0 cloak
rCorr   .          Rampage  .   t - +0 pair of gloves
Will    .....                   (no boots)
Stlth   ++........              o - amulet of Elemental Vulnerability {rPois rF-- rC-- AC+8}
HPRegen 0.22/turn               (no ring)
MPRegen 0.10/turn               (no ring)

@: no status effects
A: horns 2, retaliatory headbutt
a: no special abilities


You were on level 6 of the Dungeon.
You visited 1 branch of the dungeon, and saw 6 of its levels.

You collected 240 gold pieces.

Inventory:

Hand Weapons
 a - a +0 shortbow (weapon)
Armour
 c - a +0 leather armour (worn)
 t - a +0 pair of gloves (worn)
 v - a +0 cloak (worn)
Jewellery
 n - a ring of fire
 o - the amulet of Elemental Vulnerability (around neck) {rPois rF-- rC-- AC+8}
   (You found it on level 2 of the Dungeon)

   [amulet of nothing]

   AC:        It affects your AC (+8).
   rF:        It makes you very vulnerable to fire.
   rC:        It makes you very vulnerable to cold.
   rPois:     It protects you from poison.
 x - a ring of magical power
Wands
 y - a wand of flame (11)
Scrolls
 b - 2 scrolls of immolation
 d - 3 scrolls of teleportation {unknown}
 e - 5 scrolls of identify {unknown}
 g - 2 scrolls of blinking {unknown}
 h - 2 scrolls of fear {unknown}
 i - a scroll of brand weapon {unknown}
 j - 4 scrolls of fog {unknown}
 k - 2 scrolls of enchant weapon {unknown}
 u - 2 scrolls of summoning {unknown}
 w - a scroll of silence {unknown}
Potions
 f - a potion of degeneration {unknown}
 l - 2 potions of attraction {unknown}
 m - 2 potions of might {unknown}
 p - 2 potions of brilliance {unknown}
 q - 2 potions of heal wounds {unknown}
 r - a potion of berserk rage {unknown}
 s - a potion of lignification {unknown}
 z - a potion of curing {unknown}


   Skills:
 - Level 8.0 Fighting
 + Level 10.4 Ranged Weapons
 - Level 2.1 Dodging
 - Level 0.7 Stealth


You had 7 spell levels left.
You didn't know any spells.
Your spell library contained the following spells:

 Spells                   Type           Power      Damage    Failure   Level
 Apportation              Tloc           0%         N/A       52%         1
 Beastly Appendage        Tmut           0%         N/A       52%         1
 Necrotise                Necr           0%         1d4       52%         1
 Summon Small Mammal      Summ           0%         N/A       52%         1
 Sublimation of Blood     Necr           0%         N/A       67%         2
 Wereblood                Tmut           0%         N/A       67%         2
 Spider Form              Tmut/Pois      0%         N/A       88%         3
 Summon Hydra             Summ           0%         N/A       100%        7


Dungeon Overview and Level Annotations

Branches:
Dungeon (6/15)
 Temple: D:4-7

Altars:
Cheibriados
Dithmenos
Gozag
Nemelex Xobeh
Trog
Xom

Annotations:
D:4 2 transporters, lotum's ghost, amateur TrFi


Innate Abilities, Weirdness & Mutations

You have a pair of horns on your head.
You reflexively headbutt those who attack you in melee.


Message History

You shoot an arrow. The arrow hits the steam dragon.
The steam dragon is heavily wounded.
The steam dragon bites you but does no damage.
The steam dragon closely misses you.
You shoot an arrow.
The arrow barely misses the steam dragon.
The steam dragon bites you! The steam dragon closely misses you.
You shoot an arrow.
The arrow barely misses the steam dragon.
The steam dragon breathes steam at you. The ball of steam misses you.
You shoot an arrow.
The arrow barely misses the steam dragon.
You are engulfed in a cloud of scalding steam.
The steam dragon bites you but does no damage.
The steam dragon claws you but does no damage.
You shoot an arrow. The arrow hits the steam dragon.
The steam dragon is severely wounded.
The steam dragon breathes steam at you. The ball of steam hits you.
The steam scalds you terribly!
You shoot an arrow.
The arrow barely misses the steam dragon.
You are engulfed in a cloud of scalding steam.
The steam dragon breathes steam at you. The ball of steam hits you!
The steam scalds you terribly!
You are too injured to fight recklessly!
The steam dragon breathes steam at you. The ball of steam hits you!!
The steam scalds you terribly!
* * * LOW HITPOINT WARNING * * *
You are too injured to fight recklessly!
You are too injured to fight recklessly!
You are too injured to fight recklessly!
You are too injured to fight recklessly!
Fire: a) +0 shortbow
Press: ? - help, Q - select action, (/) - cycle Shift-Dir - straight line, f/p - steam dragon
Aim: a steam dragon (severely wounded, catching its breath, 69% to hit)
You shoot an arrow. The arrow hits the steam dragon.
The steam dragon is severely wounded.
The steam dragon bites you!
You die...

#....# #....# #....#
#....### #......#
#####......#
#..........####
#.............#
.#######D@§§§........#
.......§§§§§.........#
########§§.§.........#
#.§...§.......#
#.............#
#...§..########
#.............
##############


You could see a steam dragon (catching breath).

Vanquished Creatures
  A wyvern (D:5)
  Duvessa (D:6)
  3 ice beasts
  2 centaurs
  3 ogres
  A phantom (D:4)
  Dowan (D:6)
  A howler monkey (D:4)
  A hound (D:4)
  An orc priest (D:5)
  2 orc wizards (D:5)
  5 iguanas
  11 adders
  A dart slug (D:5)
  14 orcs
  6 endoplasms
  7 giant cockroaches
  9 goblins
  6 hobgoblins
  3 jackals (D:1)
  3 quokkas
  4 ball pythons
  9 bats
  A frilled lizard (D:3)
  3 kobolds
  7 rats
106 creatures vanquished.

Notes
Turn   | Place    | Note
-------+----------+-------------------------------------------
     0 | D:1      | safid the Minotaur Hunter began the quest for the Orb.
     0 | D:1      | Reached XP level 1. HP: 18/18 MP: 0/0
    67 | D:1      | Noticed a great orb of eyes
    69 | D:1      | Found a faded altar of an unknown god.
    71 | D:1      | Noticed a golden eye
    71 | D:1      | Noticed a great orb of eyes
    71 | D:1      | Noticed a great orb of eyes
   180 | D:1      | Reached XP level 2. HP: 25/25 MP: 1/1
   901 | D:2      | Reached skill level 5 in Ranged Weapons
   901 | D:2      | Reached XP level 3. HP: 29/31 MP: 2/2
  1019 | D:2      | Found the amulet of Elemental Vulnerability {rPois rF--
                  | rC-- AC+8}
  1842 | D:3      | Reached XP level 4. HP: 28/40 MP: 3/3
  2430 | D:4      | Noticed an ogre
  2439 | D:4      | Killed an ogre
  2440 | D:4      | Reached skill level 5 in Fighting
  2440 | D:4      | Reached skill level 6 in Ranged Weapons
  2440 | D:4      | Reached XP level 5. HP: 48/48 MP: 4/4
  2509 | D:4      | Found a transporter.
  2510 | D:4      | Noticed lotum's ghost (amateur TrFi)
  2510 | D:4      | Noticed an ogre
  2512 | D:4      | Noticed an ogre
  2519 | D:4      | Found a transporter.
  2563 | D:4      | Noticed a phantom
  2571 | D:4      | Killed a phantom
  2572 | D:4      | Reached XP level 6. HP: 57/57 MP: 5/5
  2795 | D:4      | Found a sparkling altar of Nemelex Xobeh.
  3003 | D:4      | Reached skill level 7 in Ranged Weapons
  3083 | D:4      | Found a shadowy altar of Dithmenos.
  3093 | D:4      | Found a bloodstained altar of Trog.
  3093 | D:4      | Found a shimmering altar of Xom.
  3096 | D:4      | Found an opulent altar of Gozag.
  3097 | D:4      | Found a snail-covered altar of Cheibriados.
  3236 | D:5      | Entered Level 5 of the Dungeon
  3272 | D:5      | Reached XP level 7. HP: 64/64 MP: 6/6
  3331 | D:5      | Identified the +2 pair of boots of Veaxy {rC+}
  3522 | D:5      | Noticed a wyvern
  3529 | D:5      | Killed a wyvern
  3530 | D:5      | Reached skill level 8 in Ranged Weapons
  3547 | D:5      | Reached XP level 8. HP: 29/74 MP: 7/7
  4080 | D:6      | Noticed Dowan
  4081 | D:6      | Noticed Duvessa
  4085 | D:6      | Killed Dowan
  4086 | D:6      | Reached skill level 9 in Ranged Weapons
  4333 | D:6      | HP: 2/74 [Duvessa/+0 short sword (4)]
  4334 | D:6      | Killed Duvessa
  4704 | D:6      | Reached skill level 10 in Ranged Weapons
  5042 | D:6      | Slain by a steam dragon

Illustrated notes

Levels and vault maps discovered:
D:1:      lightli_arrival_farm, layout_loops_cross,
          hellmonk_ecumenical_altar_watching_god
D:2:      layout_basic, minmay_distorted
D:3:      minmay_spotlight, layout_rooms, grunt_ministairs_3
D:4:      layout_loops_cross, nemelex_xobeh_ov_fountains_minmay,
          grunt_temple_overflow_open, gammafunk_ghost_smash,
          kennysheep_another_room, minmay_misc_feat_rugged
D:5:      layout_rooms
D:6:      layout_basic, mainiacjoe_overflow_alcove_4, minmay_crossroads,
          uniq_duvessa

Skill      XL: |  1  2  3  4  5  6  7  8 |
---------------+-------------------------+-----
Fighting       | 3 4 5 6 8 |  8.0
Ranged Weapons | 5 6 7 8 10 | 10.4
Dodging        | |  2.1
Stealth        | |  0.7

Action                   |  1- 3 |  4- 6 |  7- 9 || total
-------------------------+-------+-------+-------++-------
 Fire: Shortbow          |   100 |   153 |   165 ||   418
Armor: Leather armour    |    10 |    25 |    44 ||    79
Dodge: Dodged            |    26 |    54 |    53 ||   133
